Unix NetHack Version 5.0.0-0 post-release - last build Jun 10 2026 00:39:30 (3ee93aec679c4c4259841fe613dc97188e26a321,branch:main).

Game began 2026-06-28 23:05:32, ended 2026-06-28 23:21:58.

Ch3Begorrah, chaotic male human Rogue

  ------
  |....|
  |.....##################|
  |....|                 #|....        ####
  |....|                 #|         ------|----
  |.....                 #          |.........|      -----
  ------                ##          |.........|######+...|
                         #         h|.........|###%  |_<.|
                         #########@#f.f......Z.#  ###.%..|
                                    ----------.#     -----

Ch3Begorrah the Cutpurse  St:14 Dx:18 Co:16 In:11 Wi:11 Ch:8  Chaotic
Dlvl:7  $:43 HP:0(26) Pw:22(22) AC:6  Xp:4 T:2377 

Latest messages:
 What do you want to drink? [dhtIJ or ?*] ?
 Never mind.
 What do you want to write with? [- bjnqux or ?*] -
 You write in the dust with your fingertip.
 What do you want to write in the dust here? ELbereth
 The giant spider bites!
 What do you want to write with? [- bjnqux or ?*] -
 Do you want to add to the current engraving? [ynq] (y) n
 You wipe out the message that was written in the dust here.
 You write in the dust with your fingertip.
 What do you want to write in the dust here? Elbereth
 The giant spider turns to flee.
 What do you want to drink? [dhtIJ or ?*] ?
 You are suddenly moving much faster.
 What do you want to drink? [dhtJ or ?*] J
 Magical energies course through your body.
 What do you want to drink? [dht or ?*] ?
 You feel better.
 You swap places with your kitten.
 You are in full health.
 You hear a door open.
 You feel yourself slow down.
 You swap places with your kitten.
 You swap places with your kitten.
 You kill the newt!
 You see here a newt corpse.
 Your kitten eats a newt corpse.
 You stop.  Your kitten is in the way!
 You swap places with your kitten.
 The hobbit thrusts his elven dagger.
 The hobbit hits!
 The kitten misses the hobbit.
 You have no ammunition readied.
 What do you want to fire? [$bn or ?*] <space>
 Never mind.
 What do you want to ready? [$bn or ?*] b
 b - 11 +0 daggers (at the ready).
 In what direction? u
 You throw 2 daggers.
 The 1st dagger hits the hobbit.
 The 2nd dagger hits the hobbit.
 The hobbit thrusts his elven dagger.
 The hobbit hits!
 The kitten misses the hobbit.
 In what direction? u
 The dagger hits the hobbit.
 The hobbit thrusts his elven dagger.
 The hobbit hits!
 You die...
 Do you want your possessions identified? [ynq] (y) q

Inventory:
 Coins    ('$')
  $ - 43 gold pieces
 Weapons  (')')
  b - 8 +0 daggers (at the ready)
  n - 2 +0 elven daggers (wielded)
 Armor    ('[')
  E - an uncursed +0 orcish helm (being worn)
  A - an uncursed +0 cloak of invisibility
  L - an uncursed +0 Hawaiian shirt with a hibiscus flower motif
  c - an uncursed +1 leather armor (being worn)
 Comestibles  ('%')
  R - an uncursed candy bar labeled "Om-nom"
  M - an uncursed clove of garlic
  B - an uncursed cram ration
  C - 2 uncursed food rations
  S - an uncursed pancake
 Scrolls  ('?')
  V - an uncursed scroll of enchant weapon
  T - a cursed scroll of enchant weapon
  k - an uncursed scroll of food detection
  G - 2 uncursed scrolls of remove curse named ok
  P - an uncursed scroll of stinking cloud named ok
 Spellbooks  ('+')
  Q - an uncursed spellbook of healing
 Potions  ('!')
  t - an uncursed potion of gain ability
  d - an uncursed potion of sickness
 Tools    ('(')
  f - an uncursed sack containing 1 item
  W - an uncursed credit card
  e - an uncursed lock pick
  l - a +0 pick-axe (alternate weapon; not wielded)
  K - an uncursed skeleton key
 Gems/Stones  ('*')
  u - an uncursed amber stone
  j - 2 cursed worthless pieces of green glass
  q - an uncursed worthless piece of yellow glass
  x - an uncursed worthless piece of yellowish brown glass

Contents of the sack:
  341 gold pieces

Ch3Begorrah the Rogue's attributes:

Background:
 You were a Cutpurse, a level 4 male human Rogue.
 You were chaotic, nominally on a mission for Kos
 who was opposed by Issek (lawful) and Mog (neutral).
 You were right-handed.
 You were in the Dungeons of Doom, on level 7.
 You entered the dungeon 2377 turns ago.
 It was nighttime.
 You had 133 experience points, 27 more were needed to attain level 5.

Basics:
 You had 0 out of 26 hit points.
 You had all 22 energy points (spell power).
 Your armor class was 6.
 Your wallet contained 43 zorkmids, and
 you had 341 more stashed away in your pack.
 Autopickup was on for '$!/(' plus thrown, with exceptions.

Final Characteristics:
 Your strength was 14 (limit:18/100).
 Your dexterity was 18 (limit:18).
 Your constitution was 16 (limit:18).
 Your intelligence was 11 (limit:18).
 Your wisdom was 11 (limit:18).
 Your charisma was 8 (limit:18).

Final Status:
 You weren't hungry.
 You were unencumbered.
 You were wielding daggers.
 You had basic skill with dagger.

Final Attributes:
 You were piously aligned.
 You were stealthy.
 You were warded.
 You are dead.

Miscellaneous:
 You didn't encounter any bones levels.
 Total elapsed playing time was 16 minutes and 26 seconds.

Major events:
 Turn
    1: Ch3Begorrah the chaotic male human Rogue entered the dungeon
  763: entered the Gnomish Mines
  937: attained the rank of Cutpurse (level 3)
 2377: killed by a hobbit

You didn't know any spells.

Skills:
 Fighting Skills
   bare handed combat [Unskilled]
   two weapon combat  [Unskilled]
   riding             [Unskilled]
 Weapon Skills
   dagger             [Basic]
   knife              [Unskilled]
   short sword        [Basic]
   broadsword         [Unskilled]
   long sword         [Unskilled]
   two-handed sword   [Unskilled]
   saber              [Unskilled]
   club               [Unskilled]
   mace               [Unskilled]
   morning star       [Unskilled]
   flail              [Unskilled]
   hammer             [Unskilled]
   polearms           [Unskilled]
   spear              [Unskilled]
   crossbow           [Unskilled]
   dart               [Unskilled]
   shuriken           [Unskilled]
 Spellcasting Skills
   divination spells  [Unskilled]
   escape spells      [Unskilled]
   matter spells      [Unskilled]

Voluntary challenges:
 Character rerolling was not enabled.
 You followed a strict vegan diet.
 You were an atheist.
 You never genocided any monsters.
 You never polymorphed an object.
 You never changed form.
 You used no wishes.
Achievements:
 You entered the Gnomish Mines.
 You attained the rank of Cutpurse.
 You entered a shop.

 The Dungeons of Doom: levels 1 to 7
    Level 1:
       A fountain.
    Level 2:
       A fountain.
    Level 3:
       Some fountains.
       Stairs down to The Gnomish Mines.
    Level 4:
       A general store, a fountain.
    Level 5:
    Level 6:
       A fountain.
    Level 7: <- You were here.
       An altar.
       Final resting place for
          you, killed by a hobbit.
 The Gnomish Mines:
    Level 4:


Vanquished creatures:
  a blue jelly
  a rock mole
  2 giant ants
  a kobold leader
 an iguana
  a hobbit
  2 manes
  a hobgoblin
  a giant rat
  a red mold
  a gecko
  a fox
  6 goblins
  3 grid bugs
  a bat
  3 lichens
  a kobold zombie
  9 newts
37 creatures vanquished.

No species were genocided or became extinct.

Game over:
                       ----------
                      /          \
                     /    REST    \
                    /      IN      \
                   /     PEACE      \
                  /                  \
                  |   Ch3Begorrah    |
                  |      384 Au      |
                  |   killed by a    |
                  |      hobbit      |
                  |                  |
                  |                  |
                  |       2026       |
                 *|     *  *  *      | *
        _________)/\\_//(\/(/\)/\//\/|_)_______

Goodbye Ch3Begorrah the Rogue...

You died in The Dungeons of Doom on dungeon level 7 with 1228 points,
and 384 pieces of gold, after 2377 moves.
You were level 4 with a maximum of 26 hit points when you died.

